Map: Lockdown LE

Players

SKillous - Winner!

  • Race: Protoss Protoss
  • League: Grandmaster
  • Spawn Location: 1:00

BabyMarine

  • Race: Terran Terran
  • Spawn Location: 7:00

Event: HomeStory Cup XXIX

VOD

Have the link to the VOD?

Description

Time

  • Played on: July 4, 2026, 12:37 p.m.
  • Length: 9:22

All games in this series

Show
View Real Time Build Order
Export as new Build Order

SKillous Protoss - Winner!

Build Orders: 1 Gate Expand, Phoenix Opening, Blink Stalkers 

Get SALT Encoding   

  8  0:00  Probe (Chrono Boost)  
  9  0:12  Probe (Chrono Boost)  
  10  0:19  Probe (Chrono Boost)  
  11  0:26  Probe  
  12  0:32  Pylon  
  12  0:39  Probe  
  13  0:51  Probe  
  13  0:54  Gateway  
  14  1:03  Probe (Chrono Boost)  
  15  1:13  Probe (Chrono Boost)  
  15  1:18  Probe (Chrono Boost)  
  17  1:29  Probe  
  18  1:38  Nexus  
  18  1:43  Assimilator  
  18  1:53  Cybernetics Core  
  18  1:57  Probe  
  19  2:01  Assimilator  
  19  2:09  Probe  
  19  2:12  Pylon  
  20  2:21  Probe  
  21  2:28  Stalker (Chrono Boost)  
  21  2:33  Probe  
  21  2:34  Warp Gate  
  24  2:49  Probe (Chrono Boost)  
  24  2:50  Probe (Chrono Boost)  
  26  2:53  Sentry  
  29  2:59  Probe (Chrono Boost)  
  29  3:01  Probe (Chrono Boost)  
  29  3:04  Probe (Chrono Boost)  
  32  3:12  Twilight Council  
  32  3:15  Probe (Chrono Boost)  
  32  3:16  Probe (Chrono Boost)  
  33  3:21  Stalker  
  33  3:22  Probe (Chrono Boost)  
  33  3:23  Probe (Chrono Boost)  
  33  3:26  Phoenix  
  37  3:30  Gateway  
  37  3:31  Probe  
  38  3:35  Pylon  
  38  3:37  Probe  
  38  3:41  Blink (Chrono Boost)  
  39  3:43  Probe  
  40  3:49  Probe  
  40  3:55  Probe  
  42  4:01  Probe  
  43  4:05  Pylon  
  43  4:07  Probe  
  44  4:13  Probe  
  44  4:14  Gateway  
  44  4:16  Stalker  
  47  4:18  Stalker  
  47  4:19  Probe  
  47  4:20  Pylon  
  50  4:30  Assimilator  
  51  4:34  Stalker  
  51  4:35  Stalker  
  54  4:43  Nexus  
  54  4:46  Probe x2  
  54  4:51  Stalker  
  58  4:54  Stalker  
  58  4:59  Probe  
  61  5:01  Stalker  
  61  5:04  Pylon  
  63  5:12  Probe x2  
  63  5:14  Stalker x2  
  65  5:22  Pylon  
  65  5:24  Probe (Chrono Boost), Stalker  
  69  5:33  Probe (Chrono Boost), Robotics Facility  
  69  5:37  Stalker, Probe (Chrono Boost)  
  69  5:41  Stalker  
  75  5:42  Probe (Chrono Boost)  
  75  5:51  Stalker  
  75  5:53  Pylon  
  75  5:55  Stalker, Probe (Chrono Boost)  
  82  5:57  Probe (Chrono Boost)  
  82  6:00  Stalker  
  82  6:02  Probe (Chrono Boost)  
  84  6:07  Stalker  
  84  6:08  Probe (Chrono Boost)  
  84  6:10  Probe (Chrono Boost)  
  89  6:12  Probe (Chrono Boost)  
  89  6:15  Charge  
  89  6:16  Pylon  
  89  6:17  Zealot  
  92  6:18  Probe (Chrono Boost)  
  92  6:23  Probe (Chrono Boost)  
  92  6:24  Observer  
  95  6:26  Probe (Chrono Boost)  
  95  6:30  Probe (Chrono Boost), Zealot x2  
  100  6:38  Probe x2  
  100  6:40  Shield Battery, Probe  
  100  6:41  Shield Battery  
  97  6:48  Warp Prism (Chrono Boost)  
  97  6:49  Zealot x2  
  97  6:50  Zealot, Probe  
  92  6:55  Probe  
  92  6:57  Probe, Robotics Bay  
  91  7:02  Probe  
  91  7:04  Gateway  
  91  7:07  Sentry, Zealot, Probe  
  97  7:09  Zealot  
  97  7:11  Shield Battery  
  97  7:13  Probe  
  100  7:17  Observer  
  100  7:20  Probe  
  101  7:26  Probe  
  101  7:27  Zealot x3  
  108  7:30  Probe  
  109  7:42  Probe  
  109  7:43  Nexus  
  109  7:44  Pylon  
  109  7:45  Zealot  
  109  7:47  Pylon  
  111  7:52  Forge  
  111  7:54  Pylon  
  111  7:56  Forge, Assimilator  
  111  8:02  Zealot x3, Probe x2  
  111  8:05  Zealot, Probe  
  122  8:10  Colossus (Chrono Boost)  
  128  8:14  Probe  
  128  8:18  Sentry  
  131  8:25  Pylon  
  131  8:26  Zealot  
  131  8:27  Zealot x2  
  127  8:28  Probe  
  127  8:30  Pylon  
  127  8:32  Zealot  
  114  8:35  Probe  
  114  8:41  Probe  
  116  8:49  Gateway x2  
  122  8:58  Probe  
  122  9:00  Zealot x3  
  122  9:02  Zealot  
Show
View Real Time Build Order
Export as new Build Order

BabyMarine Terran 

Build Orders:  

Get SALT Encoding   

  8  0:00  SCV  
  9  0:12  SCV  
  10  0:24  SCV  
  10  0:27  Supply Depot  
  11  0:36  SCV  
  12  0:48  SCV  
  13  0:53  Barracks  
  13  1:00  SCV  
  14  1:07  Refinery  
  14  1:13  SCV  
  15  1:25  SCV  
  16  1:37  SCV  
  17  1:40  Marine  
  18  1:49  Orbital Command  
  18  2:10  Command Center  
  18  2:14  Barracks Reactor  
  18  2:18  SCV  
  19  2:25  Supply Depot  
  19  2:30  SCV  
  20  2:38  Factory  
  20  2:42  SCV  
  21  2:50  Marine x2  
  23  2:54  SCV  
  23  2:55  Refinery  
  24  3:07  SCV  
  24  3:08  Marine x2  
  27  3:19  SCV  
  28  3:21  Factory Tech Lab  
  28  3:22  Orbital Command  
  28  3:29  Starport  
  28  3:30  Marine  
  28  3:33  Marine  
  30  3:37  SCV  
  31  3:43  Cyclone  
  31  3:47  SCV  
  35  3:50  SCV  
  35  3:54  Supply Depot  
  36  3:56  Marine  
  36  3:59  Marine  
  36  4:01  SCV  
  40  4:02  SCV  
  40  4:07  Medivac  
  42  4:16  SCV x2  
  44  4:18  Siege Tank  
  44  4:20  Marine  
  44  4:22  Marine  
  49  4:28  SCV  
  49  4:29  Supply Depot  
  50  4:33  Supply Depot  
  50  4:43  Starport Tech Lab  
  50  4:45  Barracks  
  50  4:50  Marine x2, SCV x2  
  51  5:01  Siege Tank  
  51  5:02  SCV x2  
  54  5:08  Marine  
  54  5:12  Raven  
  54  5:14  SCV  
  54  5:16  Supply Depot, Marine  
  54  5:17  Barracks  
  54  5:18  SCV  
  57  5:26  Marine, SCV  
  59  5:30  SCV  
  60  5:36  Supply Depot  
  60  5:38  Refinery  
  60  5:39  SCV  
  60  5:41  Stimpack  
  60  5:42  SCV, Marine x2, Factory Reactor  
  64  5:51  SCV  
  65  5:57  SCV  
  65  5:58  Engineering Bay  
  65  5:59  Marine, Supply Depot  
  65  6:00  Marine  
  65  6:01  Marauder  
  65  6:02  Supply Depot  
  65  6:03  SCV  
  71  6:10  Starport Reactor  
  72  6:11  SCV  
  72  6:15  Refinery, SCV  
  73  6:19  Combat Shield  
  73  6:21  Widow Mine x2  
  77  6:26  Marine x2, Marauder x2  
  77  6:30  SCV  
  78  6:33  SCV  
  77  6:42  SCV  
  77  6:43  Widow Mine x2  
  77  6:44  Marine x2  
  79  6:47  Marauder  
  79  6:48  Marine  
  79  6:50  SCV  
  72  6:55  Medivac  
  73  7:05  Medivac  
  73  7:06  Marauder  
  77  7:08  SCV x2  
  77  7:09  Marauder  
  77  7:12  Supply Depot  
  77  7:13  Supply Depot  
  77  7:15  Terran Infantry Weapons Level 1  
  80  7:22  Marine x2  
  80  7:24  Widow Mine x2  
  85  7:32  Medivac  
  85  7:33  SCV  
  86  7:45  Marine x2, Marauder  
  86  7:46  Marauder  
  86  7:47  Barracks x2  
  86  7:48  Command Center  
  92  7:52  Widow Mine  
  92  7:53  Widow Mine  
  92  7:55  Supply Depot  
  92  7:56  Medivac  
  100  7:58  SCV x2  
  100  8:08  Marine x2, Marauder x2  
  106  8:17  SCV x2  
  108  8:22  Widow Mine x2  
  88  8:30  SCV x2  
  88  8:32  Marine, Marauder  
  74  8:39  Marauder  
  73  8:49  Widow Mine x2  
  73  8:53  Marine x2  
  73  8:54  Marauder  
  81  9:01  Marine  
Tags
 
Add a new tag
Caveats
  • Supply blocks, unpowered buildings, or Contaminate may cause inaccurate times.
  • Supply counts are checked every 10 seconds.